 Dungeon Crawl Stone Soup version 0.30-a0-347-gf58ed5266c (webtiles) character file.

Game seed: 7201095218332307357

186 porpoise the Slasher (level 5, -6/37 HPs)
             Began as a Demonspawn Monk on Nov 7, 2022.
             Was a Believer of Hepliaklqana.
             Killed by divine providence
             ... invoked by an orc priest
              (13 damage)
             ... on level 3 of the Dungeon.
             The game lasted 00:10:05 (2840 turns).

porpoise the Slasher (Demonspawn Monk)              Turns: 2840, Time: 00:10:05

Health: -6/37      AC:  5    Str: 11    XL:     5   Next: 38%
Magic:  5/5        EV: 12    Int: 12    God:    Hepliaklqana [**....]
Gold:   80         SH:  4    Dex: 17    Spells: 4/4 levels left

rFire   . . .      SeeInvis .    a - +0 falchion
rCold   . . .      Faith    .    (no shield)
rNeg    . . .      Spirit   .    n - +0 ring mail
rPois   .          Reflect  .    (no helmet)
rElec   .          Harm     .    (no cloak)
rCorr   .          Rampage  .    (no gloves)
Will    .....                    (no boots)
Stlth   ++........               (no amulet)
HPRegen 0.26/turn                (no ring)
MPRegen 0.09/turn                (no ring)

@: no status effects
A: reduced essence, demonic guardian 1, sturdy frame 2, condensation shield
a: Renounce Religion, Recall Ancestor, Ancestor Identity


You were on level 3 of the Dungeon.
You worshipped Hepliaklqana.
Hepliaklqana was pleased with you.
You visited 1 branch of the dungeon, and saw 3 of its levels.

You collected 80 gold pieces.

Inventory:

Hand Weapons
 a - a +0 falchion (weapon)
Missiles
 e - 3 boomerangs of dispersal
 i - 7 poisoned darts (quivered)
Armour
 n - a +0 ring mail (worn)
Jewellery
 f - an amulet of guardian spirit
 l - an amulet of magic regeneration
Wands
 b - a wand of roots (3)
Scrolls
 d - 2 scrolls of immolation
 g - a scroll of butterflies
 h - a scroll of identify
 j - a scroll of teleportation
 m - 2 scrolls of amnesia
Potions
 c - a potion of ambrosia
 k - a potion of flight {unknown}
 o - 2 potions of curing
 p - a potion of heal wounds {unknown}


   Skills:
 + Level 4.2 Fighting
 * Level 4.8 Long Blades
 - Level 2.6 Dodging
 - Level 1.7 Stealth


You had 4 spell levels left.
You didn't know any spells.
Your spell library contained the following spells:

 Spells                   Type           Power      Damage    Failure   Level
 Ignite Poison            Fire/Tmut/Pois 0%         N/A       75%         3
 Kindle Blastsparks       Fire/Tloc/Air  0%         2d10      75%         3
 Freezing Cloud           Conj/Ice/Air   0%         6-21      100%        5


Dungeon Overview and Level Annotations

Branches:
Dungeon (3/15)

Altars:
Hepliaklqana


Innate Abilities, Weirdness & Mutations

Your life essence is reduced to manifest your ancestor. (-10% HP)
A weak demonic guardian rushes to your aid.
Your movements are less encumbered by armour. (ER -4)
A meltable shield of frost defends you. (SH +4)


Message History

You slash the orc!
You kill the orc!
The orc hits the hobgoblin with a +0 hand axe.
The hobgoblin is killed!
You closely miss the orc priest.
The orc seems less confused.
The orc priest closely misses you.
You hit the orc priest.
The orc priest is moderately wounded.
The orc priest misses you.
You hit the orc priest but do no damage.
The orc priest is moderately wounded.
The orc wizard casts a spell.
The orc wizard flickers and vanishes!
Deactivating autopickup; reactivate with Ctrl-A.
The orc priest barely misses you.
You barely miss the orc priest.
The orc priest is moderately wounded.
The orc priest closely misses you.
You hit the orc priest but do no damage.
The orc priest is moderately wounded.
The orc priest calls down the wrath of Beogh upon you.
Beogh smites you!
The orc priest calls down the wrath of Beogh upon you.
Beogh smites you!
You slash the orc priest!
The orc priest is almost dead.
The orc priest calls down the wrath of Beogh upon you.
Pain shoots through your body!
* * * LOW HITPOINT WARNING * * *
A demonic guardian appears!
You barely miss the orc priest.
The orc priest is almost dead.
The orc priest invokes the aid of Beogh against you.
You barely resist.
Unknown command.
You hit the orc priest but do no damage.
The orc priest is almost dead.
The orc priest invokes the aid of Beogh against you.
Beogh smites you!
You die...

........o..#.#
....o.....##.#
.o.......o.#.#
............>.
.o# #o# #{#
#o# #@# #R#
#5# #.# #.#
#.# #)#
#####.#
##.....#


You could see the friendly Niki the hexer, an orc priest (ally target), 2 orcs
and a friendly iron imp (summoned).

Vanquished Creatures
  Natasha (thrice) (D:2)
  4 adders
  2 dart slugs (D:2)
  3 orcs (D:3)
  3 endoplasms
  3 giant cockroaches (D:1)
  5 goblins
  4 hobgoblins
  2 quokkas
  5 ball pythons
  9 bats
  7 frilled lizards
  6 kobolds
  6 rats
62 creatures vanquished.

Vanquished Creatures (collateral kills)
  3 orcs (D:3)
  A ball python (D:2)
  2 kobolds
  A frilled lizard (D:3)
7 creatures vanquished.

Grand Total: 69 creatures vanquished

Notes
Turn   | Place    | Note
-------+----------+-------------------------------------------
     0 | D:1      | porpoise the Demonspawn Monk began the quest for the Orb.
     0 | D:1      | Reached XP level 1. HP: 18/18 MP: 1/1
   231 | D:1      | Gained mutation: A weak demonic guardian rushes to your
                  | aid. [demonic ancestry]
   231 | D:1      | Reached XP level 2. HP: 24/24 MP: 2/2
   960 | D:1      | Gained mutation: Your movements are slightly less
                  | encumbered by armour. (ER -2) [demonic ancestry]
   960 | D:1      | Reached XP level 3. HP: 29/29 MP: 3/3
  1346 | D:2      | Found a hazy altar of Hepliaklqana.
  1353 | D:2      | Became a worshipper of Hepliaklqana the Forgotten
  1353 | D:2      | Reached * piety under Hepliaklqana
  1353 | D:2      | Reached ** piety under Hepliaklqana
  1354 | D:2      | Remembered your ancestor Niki as a hexer
  1357 | D:2      | Identified the +2 robe of Idealism {rN+}
  1622 | D:2      | Noticed Natasha
  1633 | D:2      | Killed Natasha
  1634 | D:2      | Gained mutation: Your movements are less encumbered by
                  | armour. (ER -4) [demonic ancestry]
  1634 | D:2      | Reached XP level 4. HP: 19/33 MP: 4/4
  2321 | D:2      | Noticed Natasha
  2333 | D:2      | Killed Natasha
  2645 | D:2      | Noticed Natasha
  2651 | D:2      | Killed Natasha
  2652 | D:2      | Gained mutation: A meltable shield of frost defends you.
                  | (SH +4) [demonic ancestry]
  2652 | D:2      | Reached XP level 5. HP: 37/37 MP: 5/5
  2840 | D:3      | Killed from afar by an orc priest

Illustrated notes

Levels and vault maps discovered:
D:1:      lightli_arrival_lavapool, layout_basic, supply_closet_lemuel
D:2:      layout_basic, basic_altar, uniq_natasha
D:3:      layout_basic, general_overflow_altar,
          mainiacjoe_overflow_concentric_impassable,
          cheibrodos_sewer_entry_drain

Skill      XL: |  1  2  3  4 |
---------------+-------------+-----
Long Blades    | 3 4 |  4.8
Fighting       | 4 |  4.2
Dodging        | |  2.6
Stealth        | |  1.7

Action                   |  1- 3 |  4- 6 || total
-------------------------+-------+-------++-------
Melee: Falchion          |   117 |    70 ||   187
Throw: Dart              |     1 |       ||     1
Invok: Ancestor Life: He |     1 |       ||     1
       Ancestor Identity |     1 |       ||     1
       Recall Ancestor   |       |     1 ||     1
  Use: Scroll            |     2 |     4 ||     6
 Stab: Sleeping          |     3 |     1 ||     4
       Confused          |     1 |     3 ||     4
Armor: Robe              |    14 |       ||    14
       Leather armour    |    10 |       ||    10
       Ring mail         |       |    10 ||    10
Dodge: Dodged            |    59 |    36 ||    95
Block: Other             |       |     3 ||     3

Table legend: (Time is in decaauts)
 A = Elapsed time spent in this place.
 B = Non-inter-level travel time spent in this place.
 C = Inter-level travel time spent in this place.
 D = Time resting spent in this place.
 E = Time spent auto-exploring this place.
 F = Levels seen in this place.
 G = Mean time per level.
                   A        B        C        D        E       F      G
               +--------+--------+--------+--------+--------+-----+--------+
         Total |   2871 |   2625 |    246 |    477 |   1444 |   3 |  957.0 |
       Dungeon |   2871 |   2625 |    246 |    477 |   1444 |   3 |  957.0 |
               +--------+--------+--------+--------+--------+-----+--------+

Top non-repeatable levels by time:
     D:2: 1552 daAuts
     D:1: 1128 daAuts
     D:3: 190 daAuts
